 Dungeon Crawl Stone Soup version 0.29.1-1-gd02db6906a (webtiles) character file.

Game seed: 1452982397830894375

108 tardwrangler69 the Digger (level 4, -3/27 HPs)
             Began as an Octopode Earth Elementalist on Oct 4, 2022.
             Slain by a goblin
             ... wielding a +0 club
             ... led by Robin
              (6 damage)
             ... on level 3 of the Dungeon.
             The game lasted 00:01:50 (3550 turns).

tardwrangler69 the Digger (OpEE)                    Turns: 3550, Time: 00:01:50

Health: -3/27      AC:  1    Str:  7    XL:     4   Next: 87%
Magic:  4/9        EV: 13    Int: 19    God:
Gold:   277        SH:  0    Dex: 12    Spells: 8/9 levels left

rFire   . . .      SeeInvis .   (no weapon)
rCold   . . .      Faith    .   (no shield)
rNeg    . . .      Spirit   .   (helmet restricted)
rPois   +          Reflect  .   (no amulet)
rElec   .          Harm     .   g - ring of willpower
rCorr   .          Rampage  .   p - ring of poison resistance
Will    +....                   (no ring)
Stlth   +++.......              (no ring)
HPRegen 0.09/turn               (no ring)
MPRegen 0.11/turn               (no ring)
                                (no ring)
                                (no ring)

@: no status effects
A: almost no armour, amphibious, 8 rings, camouflage 1, gelatinous body 1,
(nimble swimmer 1), tentacles
a: no special abilities


You were on level 3 of the Dungeon.
You visited 1 branch of the dungeon, and saw 3 of its levels.

You collected 277 gold pieces.

Inventory:

Jewellery
 g - a ring of willpower (left tentacle)
 p - a ring of poison resistance (right tentacle)
Scrolls
 c - 3 scrolls of identify {unknown}
 d - 2 scrolls of teleportation {unknown}
 f - 3 scrolls of amnesia {unknown}
 h - a scroll of enchant armour {unknown}
 i - 2 scrolls of poison {unknown}
 o - a scroll of fear {unknown}
 q - a scroll of immolation {unknown}
 r - a scroll of vulnerability {unknown}
 s - 2 scrolls of torment {unknown}
Potions
 a - a potion of magic
 b - a potion of attraction {unknown}
 e - a potion of might {unknown}
 j - a potion of lignification {unknown}
 k - a potion of flight {unknown}
 l - 4 potions of curing {unknown}
 m - a potion of haste {unknown}
 n - a potion of cancellation {unknown}


   Skills:
 - Level 2.0 Dodging
 - Level 2.6 Stealth
 + Level 3.4 Spellcasting
 - Level 1.0 Transmutations
 + Level 4.3 Earth Magic


You had 8 spell levels left.
You knew the following spells:

 Your Spells              Type           Power      Damage    Failure   Level
a - Sandblast             Erth           38%        2d10      2%          1

Your spell library contained the following spells:

 Spells                   Type           Power      Damage    Failure   Level
 Passwall                 Tmut/Erth      10%        N/A       8%          2
 Stone Arrow              Conj/Erth      22%        3d8       19%         3
 Blink                    Tloc           6%         N/A       22%         2
 Lesser Beckoning         Tloc           3%         N/A       41%         3
 Petrify                  Tmut/Erth      13%        N/A       43%         4
 Cause Fear               Hex            1%         N/A       82%         4
 Manifold Assault         Tloc           3%         N/A       99%         5
 Dragon Form              Tmut           3%         N/A       100%        7
 Dragon's Call            Summ           1%         N/A       100%        9


Dungeon Overview and Level Annotations

Branches:
Dungeon (3/15)

Altars:
Cheibriados
Okawaru

Annotations:
D:3 Robin


Innate Abilities, Weirdness & Mutations

You cannot wear most types of armour.
You are amphibious.
You can wear up to eight rings at the same time.
Your skin changes colour to match your surroundings (Stealth+).
Your rubbery body absorbs attacks. (AC +1, EV +1)
((You are camouflaged when in or above water. (Stealth+)))
You have tentacles for arms and can constrict up to eight enemies at once.


Message History

The goblin barely misses you.
Casting: Sandblast (safe; 2% risk of failure)
Confirm with . or Enter, or press ? or * to list all spells.
Aiming: Sandblast (safe; 2% risk of failure)
Press: ? - help, Shift-Dir - straight line, f/p - Robin
Aim: Robin, wielding a +6 mace of protection, wearing a +0 animal skin and wearing a +0 helmet (heavily wounded, 87% to hit)
The blast of sand hits Robin but does no damage.
Robin is heavily wounded.
Robin hits you with a +6 mace of protection.
The goblin hits you with a +0 dagger.
Casting: Sandblast (safe; 2% risk of failure)
Confirm with . or Enter, or press ? or * to list all spells.
Aiming: Sandblast (safe; 2% risk of failure)
Press: ? - help, Shift-Dir - straight line, f/p - Robin
Aim: Robin, wielding a +6 mace of protection, wearing a +0 animal skin and wearing a +0 helmet (moderately wounded, 87% to hit)
The blast of sand hits Robin but does no damage.
Robin is moderately wounded.
Robin closely misses you. The goblin misses you.
Robin throws the goblin at you! The goblin hits you with a +0 club.
The goblin misses you.
Casting: Sandblast (safe; 2% risk of failure)
Confirm with . or Enter, or press ? or * to list all spells.
Aiming: Sandblast (safe; 2% risk of failure)
Press: ? - help, Shift-Dir - straight line, f/p - Robin
Aim: Robin, wielding a +6 mace of protection, wearing a +0 animal skin and wearing a +0 helmet (moderately wounded, 87% to hit)
The blast of sand hits Robin but does no damage.
Robin is moderately wounded.
The goblin hits you but does no damage. The goblin hits you with a +0 dagger.
Casting: Sandblast (safe; 2% risk of failure)
Confirm with . or Enter, or press ? or * to list all spells.
Aiming: Sandblast (safe; 2% risk of failure)
Press: ? - help, Shift-Dir - straight line, f/p - Robin
Aim: Robin, wielding a +6 mace of protection, wearing a +0 animal skin and wearing a +0 helmet (moderately wounded, 87% to hit)
The blast of sand hits Robin.
Robin is heavily wounded.
The goblin hits you with a +0 club. The goblin closely misses you.
The goblin hits you with a +0 dagger.
* * * LOW HITPOINT WARNING * * *
Robin barely misses you. The goblin hits you with a +0 club.
You die...

###.....# #....###
#.##.##
#####.#####......##
#.####
#.<......##..###..#
#.# #.###.##.##.##
##.######.# #.#
#.##....# #.....##.#
#.# #.##..###
###...##.# #.# #....##
#+#g.##.....# #.#
####.# +ggog.#.#####
#.# #..## ##@## ##)#
#.#####...###g#.###..#
#.............#......#
#######.####.###.###.#
#.####.....# #.#
#........#####.#
#######........#
#######.########
#.......######


You could see Robin, an orc and 4 goblins.

Vanquished Creatures
  4 adders
  3 worms
  4 dart slugs
  An orc (D:3)
  4 ball pythons
  2 bats (D:1)
  5 endoplasms
  3 giant cockroaches (D:1)
  6 goblins (D:1)
  6 hobgoblins
  3 quokkas
  2 frilled lizards (D:2)
  3 kobolds
  6 rats
52 creatures vanquished.

Notes
Turn   | Place    | Note
-------+----------+-------------------------------------------
     0 | D:1      | tardwrangler69 the Octopode Earth Elementalist began the
                  | quest for the Orb.
     0 | D:1      | Reached XP level 1. HP: 11/11 MP: 3/3
   319 | D:1      | Found a faded altar of an unknown god.
   359 | D:1      | Reached XP level 2. HP: 17/17 MP: 1/5
  1028 | D:1      | Reached XP level 3. HP: 21/21 MP: 3/6
  1858 | D:2      | Reached skill level 4 in Earth Magic
  1858 | D:2      | Reached XP level 4. HP: 14/27 MP: 1/8
  2911 | D:3      | Found an iron altar of Okawaru.
  3143 | D:3      | Found a snail-covered altar of Cheibriados.
  3544 | D:3      | Noticed Robin
  3550 | D:3      | Slain by a goblin

Illustrated notes

Levels and vault maps discovered:
D:1:      tarquinn_simple_flora_water_e, layout_basic,
          shapermc_ecumenical_altar_ellora, minmay_pentomino_z4
D:2:      minmay_skewed_foursquare, layout_loops_ring, serial_aquarium,
          aquarium_bridge_square [aquarium_subvault_window,
          aquarium_subvault_wall, aquarium_subvault_bridge,
          aquarium_subvault_bridge], aquarium_window_2, aquarium_window_1,
          aquarium_window_2, aquarium_window_fake, aquarium_view_2e,
          aquarium_balcony_double_3, lightli_corner_chamber
D:3:      layout_loops_corners, amcnicky_altar_gilded, slow_altar_1,
          nemelex_dance_club_becter, uniq_robin

Skill      XL: |  1  2  3 |
---------------+----------+-----
Spellcasting   | 3 |  3.4
Earth Magic    | 4 |  4.3
Dodging        | |  2.0
Stealth        | |  2.6
Transmutations | |  1.0

Action                   |  1- 3 |  4- 6 || total
-------------------------+-------+-------++-------
Melee: Unarmed           |     9 |     3 ||    12
       Constrict         |     2 |       ||     2
       Punch             |     1 |     1 ||     2
 Cast: Sandblast         |    51 |    33 ||    84
Armor: Skin              |     2 |     2 ||     4
Dodge: Dodged            |    28 |     9 ||    37
